 Dungeon Crawl Stone Soup version 0.17-a0-1528-gfee3901 (webtiles) character file.

1 patman the Vexing (level 1, -3/13 HPs)
             Began as a Formicid Wanderer on July 15, 2015.
             Was an Initiate of Fedhas.
             Slain by a kobold
             ... wielding a +0 short sword
              (5 damage)
             ... on level 3 of the Dungeon.
             The game lasted 00:01:42 (372 turns).

patman the Vexing (Formicid Wanderer)                Turns: 372, Time: 00:01:42

Health: -3/13      AC:  2    Str: 14    XL:     1   Next: 22%
Magic:  2/2        EV:  9    Int: 14    God:    Fedhas [......]
Gold:   13         SH:  8    Dex:  9    Spells: 0 memorised, 2 levels left

rFire  . . .     SeeInvis +     e - +0 club
rCold  . . .     Clarity  .     d - +0 robe
rNeg   . . .     SustAt   .     a - +0 shield
rPois  +         Gourm    .     (helmet unavailable)
rElec  .         Spirit   .     (no cloak)
rCorr  .         Warding  .     (no gloves)
rMut   .         Stasis   +     (no boots)
MR     .....                    (no amulet)
Stlth  +.........               (no ring)
                                h - ring of poison resistance

@: not resistant to hostile enchantments, very unstealthy
A: permanent stasis, dig shafts and tunnels, four strong arms, antennae 3
a: Dig, Shaft Self, Renounce Religion


You were on level 3 of the Dungeon.
You worshipped Fedhas.
Fedhas was noncommittal.
You were not hungry.

You visited 1 branch of the dungeon, and saw 3 of its levels.

You collected 13 gold pieces.

Inventory:

Hand weapons
 e - a +0 club (weapon)
Armour
 a - a +0 shield (worn)
 d - a +0 robe (worn)
Jewellery
 h - a ring of poison resistance (left hand)
Potions
 i - a potion of heal wounds {unknown}
Books
 b - the Compendium of Changing

   Spells                             Type                      Level
   a - Beastly Appendage              Transmutation                1
   b - Spider Form                    Transmutation/Poison         3
 c - Lehudib's Disquisition on Gliding Confrontation

   Spells                             Type                      Level
   a - Shock                          Conjuration/Air              1
   b - Mephitic Cloud                 Conjuration/Poison/Air       3
Comestibles
 f - a bread ration
 g - 10 fruits


   Skills:
 * Level 0.4 Maces & Flails
 - Level 2.4 Shields
 - Level 1.1 Spellcasting
   Level 4.8 Hexes
   Level 2.4 Air Magic


You had 2 spell levels left.
You didn't know any spells.

Dungeon Overview and Level Annotations

Branches:
Dungeon (3/15)

Altars:
Fedhas


Innate Abilities, Weirdness & Mutations

You are under a permanent stasis effect.
You can dig through walls and to a lower floor.
Your four strong arms can wield two-handed weapons with a shield.
You have a pair of large antennae on your head (SInv).


Message History

You block the worm's attack.
You see here a gold piece.
There is a stone staircase leading down here.
You climb downwards.
A kobold comes into view. It is wielding a short sword.
The kobold shouts!
You hear a shout!
There is a stone staircase leading up here.
Unknown command.
Unknown command.
Unknown command.
You closely miss the kobold. You block the kobold's attack.
You hit the kobold.
The kobold is severely wounded.
The kobold hits you with a short sword.
* * * LOW HITPOINT WARNING * * *
You closely miss the kobold.
The kobold is severely wounded.
The kobold hits you with a short sword.
You die...
Fedhas appreciates your contribution to the ecosystem.

###
.. {
#.
#.###
#.@.#
###K#
...
#.##
.# .#
#


You could see a kobold.

Vanquished Creatures
  2 goblins (D:2)
2 creatures vanquished.

Notes
Turn   | Place    | Note
--------------------------------------------------------------
     0 | D:1      | patman the Formicid Wanderer began the quest for the Orb.
     0 | D:1      | patman set off with: a +0 shield, the Compendium of Changing, Lehudib's Disquisition on Gliding Confrontation, a +0 robe, a +0 club, a bread ration
     0 | D:1      | Reached XP level 1. HP: 13/13 MP: 2/2
     0 | D:1      | Identified the Compendium of Changing
     0 | D:1      | Identified Lehudib's Disquisition on Gliding Confrontation
    73 | D:1      | You fall through a shaft!
    73 | D:2      | Found a blossoming altar of Fedhas.
   279 | D:2      | Became a worshipper of Fedhas Madash
   372 | D:3      | Slain by a kobold

Vault maps used:
D:1:      dpeg_arrival_signposts, serial_park_tiny_pond
D:2:      fedhas_altar_fruit_tree, first_bread
D:3:      grunt_temple_overflow_holy_war, overflow_temple_1_default,
          lemuel_crystal_altar, grunt_temple_overflow_open,
          guppyfry_early_orc_mine, uniq_sigmund, uniq_natasha

Action                   || total
-------------------------++-------
Melee: Club              ||    21
 Abil: Shaft Self        ||     1
